Unix NetHack Version 5.0.0-0 post-release - last build May 10 2026 23:12:36 (d1fa5d53e341ca933230fdaa984d921c805b60aa,branch:main).

Game began 2026-05-15 13:29:49, ended 2026-05-15 14:04:32.

Drastanta, lawful female human Samurai

                        ---                          ---#      -------
                        |.                            .|#      |.....|
       ------------     |.-           ----           -.|#      |.....|
       |.>........|     |.|           |[!|           +.|#      |.....|
       |..^.......|    #|.|      |    |=!            |.|#      |.....|
       |...........#%###|.|      |.   |..-+----------|.|#      |.....|
       -.----------    #|.|  --+--.----|--......|....|.|#######......|
        #              #|.|  +.............--|-.-....|.|       ----.--
        #              #|.|  |.-+--..{..--+-..|.|.._.|.|           #
        ##             #|.----.|  |.....|  |!%|.|.../|.|           #
     ----.-            #|......|  |.....|  |%%|.-----|.|           #
     |....|           ##|......|--|...-|-  ---|..|.((|.|           #
     |....-            #|......|..|...|..     +..|.((|.|           #
     |....|            #|......|..|...|..     |.---n(|.|       ----.--
     |....-####        #|......--|-...---------..-----.|      #-.....|
     |<...|   ##########................................#######|.....|
     ------            #--------------------------------    # #|.....|
                                                               -------

Drastanta the Kunoichi  St:17 Dx:15 Co:18 In:8 Wi:9 Ch:8  Lawful
Dlvl:5  $:24 HP:0(57) Pw:16(16) AC:4  Xp:6 T:2597 

Latest messages:
 The plains centaur kicks!
 You hit the plains centaur!
 The plains centaur thrusts one of his daggers.
 The plains centaur hits!
 The plains centaur kicks!
 You hit the plains centaur.
 The plains centaur thrusts one of his daggers.
 The plains centaur hits!
 The plains centaur kicks!
 You kill the plains centaur!
 There is a plains centaur corpse here; eat it? [ynq] (n) y
 This plains centaur corpse is tough.
 You finish eating the plains centaur corpse.
 You climb up the stairs.
 You hit the giant bat!
 The giant bat misses!
 You hear someone cursing shoplifters.
 You hit the giant bat.
 The giant bat bites!
 You miss the giant bat.
 The giant bat bites!
 The giant bat bites!
 You kill the giant bat!
 You see here a blindfold.
 l - a blindfold.
 The elf zombie hits!
 You hit the elf zombie!
 The elf zombie just misses!
 You destroy the elf zombie!
 You see here an elf corpse.
 You find a hidden passage.
 You hear a door open.
 You find a hidden passage.
 You hit the water nymph!
 The water nymph drinks an orange potion!
 The water nymph looks completely healed.
 You hit the water nymph!
 The water nymph pretends to be friendly.
 The water nymph stole an uncursed scroll labeled ABRA KA DABRA.
 The water nymph vanishes!
 You hear a door open.
 You hear a nearby zap.
 The bolt of cold hits you!
 The bolt of cold bounces!
 "Irasshaimase, Drastanta!  Welcome to Senna Hut's hardware store!"
 The water nymph zaps a marble wand!
 The bolt of cold hits Senna Hut!
 The bolt of cold hits you!
 You die...
 Do you want your possessions identified? [ynq] (y) q

Inventory:
 Coins    ('$')
  $ - 24 gold pieces
 Weapons  (')')
  d - 42 +0 ya (in quiver)
  c - a +0 yumi (alternate weapon; not wielded)
  a - a +0 katana (weapon in right hand)
  b - a +0 wakizashi
 Armor    ('[')
  R - an uncursed +0 pair of iron shoes
  V - an uncursed +0 pair of iron shoes
  S - an uncursed +0 dwarvish cloak
  W - an uncursed +0 dwarvish cloak
  e - an uncursed rustproof +0 splint mail (being worn)
 Comestibles  ('%')
  g - 2 uncursed gunyoki
  X - an uncursed lembas wafer
  u - 2 uncursed tripe rations
 Scrolls  ('?')
  N - an uncursed scroll of amnesia
  f - an uncursed scroll of create monster
  i - an uncursed scroll of teleportation
 Potions  ('!')
  k - an uncursed potion of hallucination
  m - an uncursed potion of healing
  M - an uncursed potion of invisibility
  P - an uncursed potion of oil
 Rings    ('=')
  t - an uncursed -2 ring of adornment
  z - an uncursed ring of cold resistance
  p - a blessed +1 ring of gain strength
  o - a blessed +1 ring of increase accuracy
  r - an uncursed +0 ring of increase damage
  s - a blessed +2 ring of protection
  n - an uncursed ring of teleport control
  q - an uncursed ring of teleport control
  v - an uncursed ring of teleport control
 Wands    ('/')
  T - a wand of stasis (0:3)
 Tools    ('(')
  l - an uncursed blindfold
  j - a cursed osaku
  Y - an uncursed tin whistle

Drastanta the Samurai's attributes:

Background:
 You were a Kunoichi, a level 6 female human Samurai.
 You were lawful, on a mission for Amaterasu Omikami
 who was opposed by Raijin (neutral) and Susanowo (chaotic).
 You were right-handed.
 You were in the Gnomish Mines, on level 5.
 You entered the dungeon 2597 turns ago.
 You had 492 experience points, 148 more were needed to attain level 7.

Basics:
 You had 0 out of 57 hit points.
 You had all 16 energy points (spell power).
 Your armor class was 4.
 Your wallet contained 24 zorkmids.
 Autopickup was off.

Final Characteristics:
 Your strength was 17 (limit:18/100).
 Your dexterity was 15 (limit:18).
 Your constitution was 18 (limit:18).
 Your intelligence was 8 (limit:18).
 Your wisdom was 9 (limit:18).
 Your charisma was 8 (limit:18).

Final Status:
 You weren't hungry.
 You were unencumbered.
 You were wielding a long sword.
 You had basic skill with long sword and could have enhanced that.

Final Attributes:
 You were piously aligned.
 You were warded.
 You were fast.
 You are dead.

Miscellaneous:
 You didn't encounter any bones levels.
 Total elapsed playing time was 28 minutes and 23 seconds.

Major events:
 Turn
    1: Drastanta the lawful female human Samurai entered the dungeon
 1202: attained the rank of Ronin (level 3)
 1276: entered the Gnomish Mines
 1968: reached Mine Town
 2115: attained the rank of Kunoichi (level 6)
 2597: killed by a bolt of cold zapped by a water nymph

You didn't know any spells.

Skills:
 Fighting Skills
   martial arts      [Basic]
   two weapon combat [Unskilled]
   riding            [Unskilled]
 Weapon Skills
   dagger            [Unskilled]
   knife             [Unskilled]
   short sword       [Basic]
   broadsword        [Unskilled]
   long sword        [Basic]
   two-handed sword  [Unskilled]
   saber             [Unskilled]
   flail             [Unskilled]
   quarterstaff      [Unskilled]
   polearms          [Unskilled]
   spear             [Unskilled]
   lance             [Unskilled]
   bow               [Basic]
   shuriken          [Unskilled]
 Spellcasting Skills
   attack spells     [Unskilled]
   divination spells [Unskilled]
   clerical spells   [Unskilled]

Voluntary challenges:
 Character rerolling was not enabled.
 You were illiterate.
 You never genocided any monsters.
 You never polymorphed an object.
 You never changed form.
 You used no wishes.
Achievements:
 You entered a shop.
 You attained the rank of Ronin.
 You entered the Gnomish Mines.
 You entered Minetown.
 You entered a temple.
 You attained the rank of Kunoichi.

 The Dungeons of Doom: levels 1 to 2
    Level 1:
    Level 2:
       A ring shop, a fountain, a sink.
       Stairs down to The Gnomish Mines.
 The Gnomish Mines: levels 3 to 7
    Level 3:
    Level 4:
    Level 5: <- You were here.
       A tool shop, a temple and an altar, a fountain.
       Final resting place for
          you, killed by a bolt of cold zapped by a water nymph.
    Level 6:
    Level 7:


Vanquished creatures:
  a plains centaur
  6 gnome leaders
  5 gnomish wizards
 an elf zombie
  a floating eye
  2 dwarves
  2 giant bats
  2 monkeys
  a hobgoblin
  a brown mold
  a yellow mold
 29 gnomes
  4 geckos
  6 jackals
  a fox
  4 goblins
  2 sewer rats
  7 grid bugs
  a bat
  a lichen
  3 newts
81 creatures vanquished.

No species were genocided or became extinct.

Game over:
                       ----------
                      /          \
                     /    REST    \
                    /      IN      \
                   /     PEACE      \
                  /                  \
                  |    Drastanta     |
                  |      24 Au       |
                  | killed by a bolt |
                  |  of cold zapped  |
                  | by a water nymph |
                  |                  |
                  |       2026       |
                 *|     *  *  *      | *
        _________)/\\_//(\/(/\)/\//\/|_)_______

Sayonara Drastanta the Samurai...

You died in The Gnomish Mines on dungeon level 5 with 2290 points,
and 24 pieces of gold, after 2597 moves.
You were level 6 with a maximum of 57 hit points when you died.

